 Dungeon Crawl Stone Soup version 0.27-a0-1301-g128193abf8 (webtiles) character file.

Game seed: 13007290113217201365

1446 quinnr the Destroyer (level 8, -1/45 HPs)
             Began as a Tengu Conjurer on June 17, 2021.
             Slain by Maggie (16 damage)
             ... on level 6 of the Dungeon.
             The game lasted 00:22:32 (6827 turns).

quinnr the Destroyer (Tengu Conjurer)               Turns: 6827, Time: 00:22:33

Health: -1/45      AC:  2    Str:  8    XL:     8   Next: 75%
Magic:  2/13       EV: 15    Int: 21    God:
Gold:   417        SH:  0    Dex: 12    Spells: 3/13 levels left

rFire    . . .     SeeInvis +   t - staff of poison
rCold    . . .     Faith    .   (no shield)
rNeg     . . .     Spirit   .   a - +0 robe
rPois    +         Reflect  .   (helmet restricted)
rElec    .         Harm     .   (no cloak)
rCorr    .         Rampage  .   (no gloves)
Will     .....                  (boots unavailable)
Stlth    ++........             o - amulet of magic regeneration
HPRegen  0.15/turn              j - +4 ring of slaying
MPRegen  0.38/turn              d - ring of see invisible

@: flying quickly and evasively, mesmerised, very slightly contaminated, slowed,
very slow
A: beak, talons 3, nimble flight
a: no special abilities


You were on level 6 of the Dungeon.
You visited 2 branches of the dungeon, and saw 7 of its levels.
You also visited: Ossuary.

You collected 417 gold pieces.

Inventory:

Hand Weapons
 b - a +0 club
 h - a +1 dagger of speed
Missiles
 p - 2 atropa-tipped darts
Armour
 a - a +0 robe (worn)
Magical Staves
 t - a staff of poison (weapon)
Jewellery
 d - a ring of see invisible (right hand)
 j - a +4 ring of slaying (left hand)
 o - an amulet of magic regeneration (around neck)
Scrolls
 g - a scroll of noise {unknown}
 i - 3 scrolls of enchant armour {unknown}
 r - 3 scrolls of amnesia
 u - 2 scrolls of blinking
 w - a scroll of immolation
 y - 3 scrolls of identify
 A - a scroll of enchant weapon
Potions
 c - a potion of haste {unknown}
 e - 4 potions of brilliance
 f - 5 potions of curing
 k - 2 potions of heal wounds {unknown}
 l - 3 potions of might
 m - 2 potions of flight
 n - 2 potions of attraction {unknown}
 q - a potion of invisibility
 s - 3 potions of cancellation
 v - a potion of degeneration
 x - 2 potions of berserk rage {unknown}
 z - a potion of lignification {unknown}


   Skills:
 + Level 2.7 Fighting
 + Level 3.9 Dodging
 - Level 2.0 Stealth
 + Level 3.3 Spellcasting
 - Level 10.5 Conjurations
 - Level 2.8 Hexes
 + Level 3.5 Air Magic
 + Level 2.6 Poison Magic


You had 3 spell levels left.
You knew the following spells:

 Your Spells              Type           Power      Damage    Failure   Level
a - Magic Dart            Conj           100%       1d8       1%          1
b - Searing Ray           Conj           94%        3d6       1%          2
c - Fulminant Prism       Conj/Hex       15%        3d11      9%          4
d - Mephitic Cloud        Conj/Pois/Air  40%        N/A       4%          3

Your spell library contained the following spells:

 Spells                   Type           Power      Damage    Failure   Level
 Dazzling Flash           Conj/Hex       62%        N/A       2%          3
 Poisonous Vapours        Pois/Air       48%        N/A       5%          2
 Sting                    Tmut/Pois      52%        1d5       8%          1
 Summon Small Mammal      Summ           12%        N/A       13%         1
 Call Imp                 Summ           3%         N/A       21%         2
 Summon Guardian Golem    Hex/Summ       9%         N/A       22%         3
 Ignite Poison            Fire/Tmut/Pois 10%        N/A       26%         3
 Call Canine Familiar     Summ           3%         N/A       36%         3
 Iskenderun's Mystic Bla  Conj/Tloc      25%        2d7       14%         4
 Olgreb's Toxic Radiance  Pois           21%        N/A       41%         4
 Summon Lightning Spire   Summ/Air       10%        N/A       52%         4
 Summon Ice Beast         Ice/Summ       3%         N/A       78%         4


Dungeon Overview and Level Annotations

Branches:
Dungeon (6/15)             Temple (1/1) D:4         Ossuary (visited)

Altars:
Ashenzari
Dithmenos
Elyvilon
Fedhas
Gozag
Kikubaaqudgha
Makhleb
Nemelex Xobeh
Okawaru
Ru
Trog
Uskayaw
Zin

Shops:
D:2 :

Annotations:
D:6 Maggie


Innate Abilities, Weirdness & Mutations

You have a beak for a mouth.
You have claws for feet.
Your magical nature lets you fly swiftly and evasively.


Message History

Maggie gestures wildly while chanting.
Maggie attempts to bespell you!
You are mesmerised by Maggie!
You hear a shout!
Unknown command.
You cannot move away from Maggie!
Unknown command.
You cannot move away from Maggie!
Maggie is nearby!
Unknown command.
You aren't carrying any items that you can evoke.
Blink to where?
Press: ? - help, Dir - move target You cannot blink away from Maggie!
Blink to where?
Press: ? - help, Dir - move target
As you read the scroll labelled XULICI ISIS, it crumbles to dust.
It was a scroll of blinking.
Maggie gestures at you while chanting. The bolt of fire hits you!!
You cannot move away from Maggie!
Unknown command.
As you read the scroll labelled MUKUL CEGEZI, it crumbles to dust.
It is a scroll of enchant weapon.
Your +0 dagger of speed glows red for a moment.
Unknown command.
Casting: Fulminant Prism (quite dangerous; 9% risk of failure)
Confirm with . or Enter, or press ? or * to list all spells.
Aiming: Searing Ray (safe; 1% risk of failure)
Press: ? - help, Shift-Dir - straight line, f - Maggie
Aim: Maggie, wielding a +2 broad axe of distortion and wearing +0 swamp dragon scales (moderately wounded, mesmerising, 84% to hit)
The searing ray hits Maggie.
Maggie is heavily wounded. (Press . to maintain the ray.)
The searing ray hits Maggie!
Maggie is heavily wounded.
A phantom comes into view.
Maggie hits you with a +2 broad axe of distortion!
Space warps horribly around you!
You die...

################
##...............
##.......#########
#......<........
...........#####
........@...##
........@....##
..............##
...............#
................#
.................#
.................#
........W........#
..............##


You could see Maggie (mesmerising) and a phantom.

Vanquished Creatures
  A black bear (D:4)
  An orc warrior (D:4)
  A water moccasin (D:5)
  2 ice beasts
  2 ogres (D:5)
  A centaur (D:5)
  2 scorpions (D:5)
  A bullfrog zombie (D:5)
  A jelly (D:5)
  2 hounds (D:5)
  2 orc priests (D:4)
  2 bullfrog skeletons
  Natasha (thrice) (D:4)
  3 iguanas (D:4)
  8 mummies (Ossuary)
  A gnoll (D:1)
  2 adders
  An ufetubus (D:5)
  3 adder skeletons
  2 worms (D:4)
  3 dart slugs
  4 orcs
  9 ball pythons
  2 endoplasms
  3 giant cockroaches (D:1)
  11 goblins
  3 hobgoblins
  9 jackals
  2 quokkas
  2 bats (D:1)
  5 frilled lizards
  6 kobolds
  3 kobold zombies (Ossuary)
  5 orc zombies (Ossuary)
  3 rats (D:1)
111 creatures vanquished.

Vanquished Creatures (others)
  4 fulminant prisms
4 creatures vanquished.

Grand Total: 115 creatures vanquished

Notes
Turn   | Place    | Note
-------+----------+-------------------------------------------
     0 | D:1      | quinnr the Tengu Conjurer began the quest for the Orb.
     0 | D:1      | Reached XP level 1. HP: 10/10 MP: 4/4
    37 | D:1      | Reached skill level 6 in Conjurations
    37 | D:1      | Reached XP level 2. HP: 10/15 MP: 0/6
   874 | D:1      | Reached XP level 3. HP: 19/19 MP: 5/7
  1394 | D:2      | Learned a level 2 spell: Searing Ray
  1698 | D:2      | Reached skill level 7 in Conjurations
  1752 | D:2      | Found Weeca's Book Shoppe.
  2683 | D:3      | Found an ancient bone altar of Kikubaaqudgha.
  2718 | D:3      | Reached XP level 4. HP: 24/24 MP: 6/8
  3066 | D:3      | Noticed an ice beast
  3074 | D:3      | Learned a level 4 spell: Fulminant Prism
  3500 | D:3      | Killed an ice beast
  3501 | D:3      | Reached skill level 8 in Conjurations
  3501 | D:3      | Reached skill level 1 in Hexes
  3501 | D:3      | Gained mutation: Your magical nature lets you fly swiftly
                  | and evasively. [Tengu growth]
  3501 | D:3      | Reached XP level 5. HP: 28/28 MP: 4/9
  3577 | D:4      | Found a shadowy altar of Dithmenos.
  3768 | D:4      | Noticed Natasha
  3779 | D:4      | Killed Natasha
  3780 | D:4      | Reached XP level 6. HP: 30/32 MP: 0/10
  3807 | D:4      | Noticed an orc warrior
  3840 | D:4      | Noticed Natasha
  3851 | D:4      | Killed Natasha
  3852 | D:4      | Reached skill level 9 in Conjurations
  4044 | D:4      | Killed an orc warrior
  4173 | D:4      | Noticed a black bear
  4240 | D:4      | Killed a black bear
  4241 | D:4      | Reached XP level 7. HP: 36/36 MP: 7/11
  4334 | D:4      | Reached skill level 10 in Conjurations
  4413 | D:4      | Noticed Natasha
  4417 | D:4      | Killed Natasha
  4480 | D:4      | Found a white marble altar of Elyvilon.
  4647 | D:4      | Found a staircase to the Ecumenical Temple.
  4863 | Temple   | Entered the Ecumenical Temple
  5163 | D:4      | quinnr: !whichgod TgCj
  5163 | D:4      | beem: No keyword 'TgCj'
  5163 | D:4      | quinnr: !ftw Tengu Conjurer
  5163 | D:4      | beem: TeCj
  5163 | D:4      | quinnr: !whichgod TeCj
  5163 | D:4      | beem: 29 recent wins for TeCj: 12x Vehumet, 6x Ashenzari,
                  | 3x Gozag, 2x Okawaru, Ru, Dithmenos, Fedhas, Makhleb, Sif
                  | Muna, Hepliaklqana
  5256 | D:5      | Entered Level 5 of the Dungeon
  5265 | D:5      | Identified a scroll of acquirement
  5265 | D:5      | quinnr: ??staff
  5265 | D:5      | beem: magical staff[1/3]: (staves; +5 acc / 5 dam / 1.2
                  | base delay / 0.6 min delay). A one-handed staff that
                  | enhances the spellpower of spells in its respective school
                  | by 50% and has a chance of doing extra elemental damage
                  | {see magical staff[2]}. All but earth and conjurations also
                  | confer resistance of the appropriate type. Types: air,
                  | cold, conjurations, death, earth, fire, poison.
  5265 | D:5      | Acquired a ring of see invisible
  5405 | D:5      | Learned a level 3 spell: Mephitic Cloud
  5429 | D:5      | Reached skill level 1 in Air Magic
  5488 | D:5      | Reached skill level 1 in Fighting
  5488 | D:5      | Reached skill level 1 in Poison Magic
  5488 | D:5      | Reached XP level 8. HP: 43/43 MP: 7/12
  5507 | D:5      | Found a sand-covered staircase.
  5513 | Ossuary  | Entered an ossuary
  6143 | D:5      | Found a hide-covered altar of Uskayaw.
  6817 | D:6      | Noticed Maggie
  6827 | D:6      | Slain by Maggie

Illustrated notes

Levels and vault maps discovered:
D:1:      minmay_arrival_hallway, layout_basic, minmay_heptomino_h4
D:2:      layout_basic, serial_shops, shop, grunt_ministairs_9,
          hex_intersection, dk_vineyard_1
D:3:      layout_loops_ring, general_overflow_altar
D:4:      layout_loops_ring, grunt_dithmenos_smoke,
          nicolae_overflow_hidden_temple, minmay_temple_entry_junction,
          uniq_natasha
D:5:      layout_basic, lemuel_doored_altar, enter_ossuary_2
D:6:      layout_basic, uniq_maggie
Temple:   compressed_dpeg_triangle_lava_temple

Skill      XL: |  1  2  3  4  5  6  7  8 |
---------------+-------------------------+-----
Conjurations   | 6 7 8 9 10 | 10.5
Hexes          | 1 2 |  2.8
Air Magic      | 1 3 |  3.5
Fighting       | 1 2 |  2.7
Poison Magic   | 1 2 |  2.6
Dodging        | 3 |  3.9
Spellcasting   | 3 |  3.3
Stealth        | |  2.0

Action                   |  1- 3 |  4- 6 |  7- 9 || total
-------------------------+-------+-------+-------++-------
Melee: Unarmed           |     4 |       |       ||     4
       Peck              |     2 |       |     2 ||     4
       Club              |     2 |       |       ||     2
       Dagger            |     2 |     5 |       ||     7
       Staff             |       |       |     6 ||     6
       Kick              |       |       |     1 ||     1
 Cast: Magic Dart        |    70 |    49 |   115 ||   234
       Searing Ray       |     1 |    11 |    22 ||    34
       Mephitic Cloud    |       |       |     4 ||     4
       Fulminant Prism   |       |       |     4 ||     4
  Use: Potion            |       |     1 |       ||     1
       Scroll            |       |       |    13 ||    13
 Stab: Sleeping          |     1 |       |       ||     1
Armor: Robe              |     3 |     2 |     2 ||     7
Dodge: Dodged            |    15 |     6 |    17 ||    38

Table legend: (Time is in decaauts)
 A = Elapsed time spent in this place.
 B = Non-inter-level travel time spent in this place.
 C = Inter-level travel time spent in this place.
 D = Time resting spent in this place.
 E = Time spent auto-exploring this place.
 F = Levels seen in this place.
 G = Mean time per level.
                   A        B        C        D        E       F      G
               +--------+--------+--------+--------+--------+-----+--------+
         Total |   6616 |   6229 |    387 |    639 |   4747 |   8 |  827.0 |
       Dungeon |   5972 |   5602 |    370 |    560 |   4324 |   6 |  995.3 |
        Temple |    269 |    252 |     17 |      0 |    252 |   1 |  269.0 |
       Ossuary |    375 |    375 |      0 |     79 |    171 |   1 |  375.0 |
               +--------+--------+--------+--------+--------+-----+--------+

Top non-repeatable levels by time:
     D:1: 1353 daAuts
     D:4: 1280 daAuts
     D:2: 1275 daAuts
     D:3: 1107 daAuts
     D:5: 926 daAuts
 Ossuary: 375 daAuts
  Temple: 269 daAuts
     D:6: 30 daAuts
